cohdb
Replays
Latest Replays
All Replays
Popular Replays
Top Player Replays
Match Explorer
How It Works
Community
CoH3 Stats
Reddit
Sign in to upload your games and track your stats! →
Sign in with Steam
Match 41950785
Unlisted
Match 41950785
Overview
Messages
Build Orders
End
Construct Barracks
Scout Squad
Selects Advanced Infantry Battlegroup
Riflemen Squad
Riflemen Squad
Grenade Package
Selects Convert to Ranger Squad
Infantry Support Center
Construct Weapon Support Center
Riflemen Squad
M3 Armored Personnel Carrier
Selects Frontline Medical Station
Frontline Medical Station
Selects Artillery Observers
Advanced Logistics
Engineer Squad
Survival Training
M1918 Browning Automatic Rifles
M3 Armored Personnel Carrier
Selects Ranger Weapon Training
Convert to Ranger Squad
Frontline Medical Station
Engineer Squad
MDiesel
bloodstark
와 시바 아이디 또해킹당했노
Malloy
Nuclear Viking
lqf0607
De.Z.Yang.Schmidt
Kanna Scarlet
0
0
Comments
sign in to comment!
No comments posted yet!